 Dungeon Crawl Stone Soup version 0.30-a0-672-gc3a7216ad8 (webtiles) character file.

Game seed: 1283755657535212405

363 testman the Grasshopper (level 6, 0/48 HPs)
             Began as a Demonspawn Warper on Jan 18, 2023.
             Was an Initiate of Yredelemnul.
             Slain by Blork the orc
             ... wielding a +0 scimitar of holy wrath
              (8 damage)
             ... on level 5 of the Dungeon.
             The game lasted 00:11:58 (3292 turns).

testman the Grasshopper (Demonspawn Warper)         Turns: 3292, Time: 00:11:58

Health: 0/48       AC:  7    Str: 14    XL:     6   Next: 39%
Magic:  11/11      EV: 11    Int: 14    God:    Yredelemnul [......]
Gold:   259        SH:  4    Dex: 12    Spells: 10/12 levels left

rFire   . . .      SeeInvis +    a - +0 spear
rCold   . . .      Faith    .    h - +0 buckler
rNeg    . . .      Spirit   .    b - +0 leather armour
rPois   .          Reflect  .    (no helmet)
rElec   .          Harm     .    o - +1 cloak
rCorr   .          Rampage  .    s - +0 pair of gloves
Will    .....                    y - +0 pair of boots
Stlth   +                        (no amulet)
HPRegen 0.28/turn                u - ring of see invisible
MPRegen 0.12/turn                (no ring)

@: no status effects
A: foul stench 1, spiny 1, weakness stinger 1
a: Renounce Religion, Recall Undead Harvest


You were on level 5 of the Dungeon.
You worshipped Yredelemnul.
Yredelemnul was noncommittal.
You visited 1 branch of the dungeon, and saw 5 of its levels.

You collected 317 gold pieces.
You spent 58 gold pieces at shops.

Inventory:

Hand Weapons
 a - a +0 spear (weapon)
 p - a +3 quarterstaff of chaos
Missiles
 d - 7 boomerangs of dispersal (quivered)
 j - 3 poisoned darts
 x - a boomerang
Armour
 b - a +0 leather armour (worn)
 h - a +0 buckler (worn)
 o - a +1 cloak (worn)
 r - a +2 tower shield
 s - a +0 pair of gloves (worn)
 y - a +0 pair of boots (worn)
Jewellery
 u - a ring of see invisible (left hand)
Scrolls
 c - a scroll of blinking
 e - a scroll of magic mapping {unknown}
 f - 2 scrolls of amnesia {unknown}
 g - 4 scrolls of identify {unknown}
 i - 4 scrolls of teleportation {unknown}
 m - 2 scrolls of noise {unknown}
 w - a scroll of vulnerability {unknown}
 z - a scroll of poison {unknown}
 B - a scroll of brand weapon {unknown}
 C - 2 scrolls of fear {unknown}
Potions
 k - a potion of mutation {unknown}
 l - a potion of ambrosia {unknown}
 n - a potion of lignification {unknown}
 q - 2 potions of attraction {unknown}
 t - 4 potions of heal wounds {unknown}
 v - a potion of curing {unknown}
 A - a potion of cancellation {unknown}
 D - a potion of brilliance {unknown}
 E - a potion of resistance {unknown}


   Skills:
 + Level 3.7 Fighting
 - Level 2.1 Polearms
 - Level 0.8 Throwing
 - Level 0.8 Armour
 - Level 1.7 Dodging
 + Level 2.5 Shields
 + Level 3.5 Spellcasting
 + Level 4.0 Translocations


You had 10 spell levels left.
You knew the following spells:

 Your Spells              Type           Power      Damage    Failure   Level
a - Blink                 Tloc           26%        N/A       10%         2

Your spell library contained the following spells:

 Spells                   Type           Power      Damage    Failure   Level
 Lesser Beckoning         Tloc           26%        N/A       10%         2
 Teleport Other           Tloc           13%        N/A       21%         3
 Magic Dart               Conj           8%         1d3       34%         1
 Vhi's Electric Charge    Tloc/Air       16%        N/A       41%         3
 Call Imp                 Summ           2%         N/A       45%         2
 Ensorcelled Hibernation  Hex/Ice        4%         N/A       45%         2
 Manifold Assault         Tloc           13%        N/A       54%         4
 Mephitic Cloud           Conj/Pois/Air  2%         N/A       71%         3
 Spider Form              Tmut/Pois      2%         N/A       71%         3
 Anguish                  Hex/Necr       1%         N/A       98%         4
 Iskenderun's Battlesphe  Conj           2%         2d6       100%        5
 Iron Shot                Conj/Erth      1%         9d1       100%        6
 Spellforged Servitor     Conj/Summ      1%         N/A       100%        7


Dungeon Overview and Level Annotations

Branches:
Dungeon (5/15)
 Temple: D:4-7

Altars:
Xom
Yredelemnul

Shops:
D:3 [   D:4 *

Annotations:
D:5 Blork the orc


Innate Abilities, Weirdness & Mutations

You may rarely emit foul miasma when damaged in melee.
You are partially covered in sharp spines.
You have a small tail.


Message History

You block the phantom's attack. Blork the orc is struck by your spines.
Blork the orc closely misses you.
You hit the phantom but do no damage.
The phantom is moderately damaged.
The phantom hits you but does no damage.
Blork the orc closely misses you.
You hit the phantom but do no damage.
The phantom is moderately damaged.
The phantom hits you.
The phantom blinks!
You blink.
Found a scroll labelled GOAZADGH COOSKI.
You hit the phantom.
The phantom is moderately damaged.
You block the phantom's attack.
You closely miss the phantom.
The phantom is moderately damaged.
The phantom is struck by your spines. The phantom closely misses you.
You hit the phantom but do no damage.
Your tail-slap misses the phantom.
The phantom is heavily damaged.
The phantom hits you but does no damage.
You barely miss the phantom.
The phantom is heavily damaged.
You block the phantom's attack.
You hit the phantom but do no damage.
The phantom is heavily damaged.
The phantom closely misses you. Blork the orc casts a spell at you.
The magic dart hits you!
You hit the phantom but do no damage. You tail-slap the phantom.
The phantom is severely damaged.
Blork the orc is struck by your spines.
Blork the orc hits you with a +0 scimitar of holy wrath!
You convulse!
* * * LOW HITPOINT WARNING * * *
The phantom hits you but does no damage.
You are too injured to fight recklessly!
Okay, then.
Blork the orc attacks as you move away! Blork the orc is struck by your spines.
Blork the orc hits you with a +0 scimitar of holy wrath!
You die...
Your body rises from the dead as a mindless zombie.

...#. ?....
##...#. ..
...... #.# ....#
#######..# #
...# ........#
##..###...##..
.......#
#.....@........
......#
##...$oW........
.<..[.#
.......[$.......
......#
##..............
......#
#.)...........
###.###
#..........##.
#.# #..........#
#.#
##...##.#.#...
#.###
#.#....#.#.#


You could see Blork the orc and a phantom.

Vanquished Creatures
  3 hounds
  Crazy Yiuf (D:2)
  6 gnolls
  5 adders
  A dart slug (D:2)
  7 orcs
  2 ball pythons
  4 endoplasms
  11 giant cockroaches
  4 goblins
  5 hobgoblins
  11 jackals
  A quokka (D:1)
  2 bats
  2 frilled lizards (D:1)
  4 kobolds
  4 rats
73 creatures vanquished.

Vanquished Creatures (collateral kills)
  A jelly (D:4)
  An adder (D:2)
  2 gnolls (D:3)
  2 ball pythons
  A giant cockroach (D:4)
  A hobgoblin (D:2)
  A kobold (D:3)
  A quokka (D:2)
10 creatures vanquished.

Vanquished Creatures (others)
  An angel (D:4)
  2 hound zombies
  3 adder zombies
  A bat zombie (D:2)
  A gnoll zombie (D:3)
  2 ball python zombies (D:2)
  A hobgoblin zombie (D:2)
  3 jackal zombies
  2 quokka zombies (D:2)
16 creatures vanquished.

Grand Total: 99 creatures vanquished

Notes
Turn   | Place    | Note
-------+----------+-------------------------------------------
     0 | D:1      | testman the Demonspawn Warper began the quest for the Orb.
     0 | D:1      | Reached XP level 1. HP: 16/16 MP: 3/3
   671 | D:1      | Discovered your monstrous ancestry.
   671 | D:1      | Gained mutation: You have a small tail. [demonic ancestry]
   671 | D:1      | Reached XP level 2. HP: 16/22 MP: 5/5
   806 | D:1      | Reached skill level 3 in Translocations
   861 | D:2      | Reached XP level 3. HP: 28/28 MP: 6/6
   874 | D:2      | Learned a level 2 spell: Blink
  1138 | D:2      | Found a faded altar of an unknown god.
  1151 | D:2      | Prayed at the altar of an unknown god.
  1151 | D:2      | Became a worshipper of Yredelemnul the Dark
  1151 | D:2      | Reached * piety under Yredelemnul
  1257 | D:2      | Reached skill level 1 in Shields
  1557 | D:2      | Gained mutation: You are partially covered in sharp spines.
                  | [demonic ancestry]
  1557 | D:2      | Reached XP level 4. HP: 34/34 MP: 7/7
  1602 | D:2      | Found a runed translucent door.
  1603 | D:2      | Noticed Crazy Yiuf
  1612 | D:2      | Killed Crazy Yiuf
  1867 | D:3      | Found Gianwud's Armour Shoppe.
  1885 | D:3      | Reached XP level 5. HP: 39/41 MP: 9/9
  1894 | D:3      | Bought a +0 pair of gloves for 58 gold pieces
  2383 | D:4      | Noticed an angel
  2397 | D:4      | Found a shimmering altar of Xom.
  2513 | D:4      | Found Qorez's Assorted Antiques.
  2773 | D:4      | Gained mutation: You may rarely emit foul miasma when
                  | damaged in melee. [demonic ancestry]
  2773 | D:4      | Reached XP level 6. HP: 45/47 MP: 10/10
  3147 | D:4      | Killed an angel
  3246 | D:5      | Entered Level 5 of the Dungeon
  3276 | D:5      | Noticed Blork the orc
  3280 | D:5      | Reached skill level 4 in Translocations
  3292 | D:5      | Slain by Blork the orc

Illustrated notes

Levels and vault maps discovered:
D:1:      dpeg_arrival_signposts, layout_loops_ring
D:2:      minmay_roachtagon, layout_loops_cross,
          hellmonk_ecumenical_altar_defaced_shrine,
          chequers_serial_rivers_large_a, minmay_misc_feat_rows,
          uniq_crazy_yiuf_cottage
D:3:      layout_rooms, serial_shops, shop
D:4:      layout_gridville, grunt_temple_overflow_order_and_chaos_1,
          serial_shops, nicolae_diamond_shop, minmay_fractal_squares_gapless_5
D:5:      layout_rooms, minmay_temple_entry_arrows, uniq_blork_the_orc

Skill      XL: |  1  2  3  4  5  6 |
---------------+-------------------+-----
Polearms       | 2 |  2.1
Translocations | 3 4 |  4.0
Shields        | 1 2 |  2.5
Fighting       | 3 |  3.7
Spellcasting   | 3 |  3.5
Throwing       | |  0.8
Armour         | |  0.8
Dodging        | |  1.7

Action                   |  1- 3 |  4- 6 || total
-------------------------+-------+-------++-------
Melee: Spear             |   173 |   134 ||   307
       Tailslap          |    14 |    14 ||    28
 Stab: Distracted        |       |     1 ||     1
Armor: Leather armour    |    41 |    29 ||    70
Dodge: Dodged            |   104 |    46 ||   150
Block: Buckler           |    26 |    18 ||    44

Table legend: (Time is in decaauts)
 A = Elapsed time spent in this place.
 B = Non-inter-level travel time spent in this place.
 C = Inter-level travel time spent in this place.
 D = Time resting spent in this place.
 E = Time spent auto-exploring this place.
 F = Levels seen in this place.
 G = Mean time per level.
                   A        B        C        D        E       F      G
               +--------+--------+--------+--------+--------+-----+--------+
         Total |   3314 |   3251 |     63 |    103 |   2455 |   5 |  662.8 |
       Dungeon |   3314 |   3251 |     63 |    103 |   2455 |   5 |  662.8 |
               +--------+--------+--------+--------+--------+-----+--------+

Top non-repeatable levels by time:
     D:2: 993 daAuts
     D:4: 875 daAuts
     D:1: 805 daAuts
     D:3: 594 daAuts
     D:5: 46 daAuts
